 Dungeon Crawl Stone Soup version 0.29-a0-322-g68df515428 (webtiles) character file.

Game seed: 13049884643375621012

31 Flugslaktarn the Stinger (level 3, 0/24 HPs)
             Began as a Human Venom Mage on Apr 5, 2022.
             Frozen to death by an endoplasm (3 damage)
             ... on level 2 of the Dungeon.
             The game lasted 00:02:36 (461 turns).

Flugslaktarn the Stinger (Human Venom Mage)          Turns: 461, Time: 00:02:37

Health: 0/24       AC:  2    Str:  8    XL:     3   Next: 40%
Magic:  3/6        EV: 12    Int: 17    God:
Gold:   31         SH:  0    Dex: 13    Spells: 3/6 levels left

rFire   . . .      SeeInvis .   g - +0 rapier
rCold   . . .      Faith    .   (no shield)
rNeg    . . .      Spirit   .   a - +0 robe
rPois   .          Reflect  .   (no helmet)
rElec   .          Harm     .   (no cloak)
rCorr   .          Rampage  .   (no gloves)
Will    .....                   (no boots)
Stlth   ++........              (no amulet)
HPRegen 0.08/turn               (no ring)
MPRegen 0.10/turn               (no ring)

@: very slightly contaminated
A: no striking features
a: no special abilities


You were on level 2 of the Dungeon.
You visited 1 branch of the dungeon, and saw 2 of its levels.

You collected 31 gold pieces.

Inventory:

Hand Weapons
 g - a +0 rapier (weapon)
   (You found it on level 2 of the Dungeon)
Armour
 a - a +0 robe (worn)
Scrolls
 b - a scroll of enchant armour {unknown}
 c - a scroll of brand weapon {unknown}
 d - a scroll of identify {unknown}
 f - 2 scrolls of torment
Potions
 e - a potion of mutation {unknown}


   Skills:
 - Level 2.0 Dodging
 - Level 2.0 Stealth
 + Level 2.2 Spellcasting
 - Level 2.0 Transmutations
 * Level 1.3 Air Magic
 + Level 3.2 Poison Magic


You had 3 spell levels left.
You knew the following spells:

 Your Spells              Type           Power      Damage    Failure   Level
a - Sting                 Tmut/Pois      40%        1d5       7%          1
b - Poisonous Vapours     Pois/Air       18%        N/A       11%         2

Your spell library contained the following spells:

 Spells                   Type           Power      Damage    Failure   Level
 Mephitic Cloud           Conj/Pois/Air  7%         N/A       30%         3
 Stone Arrow              Conj/Erth      2%         3d7       50%         3
 Olgreb's Toxic Radiance  Pois           12%        N/A       45%         4
 Animate Armour           Summ/Erth      2%         N/A       88%         4
 Lehudib's Crystal Spear  Conj/Erth      0%         10d2      100%        8


Dungeon Overview and Level Annotations

Branches:
Dungeon (2/15)

Altars:


Message History

Aim: an endoplasm (asleep, 100% to hit)
The sting hits the endoplasm.
The endoplasm partially resists.
The endoplasm is lightly wounded.
The endoplasm quivers.
Casting: Sting (safe; 7% risk of failure)
Confirm with . or Enter, or press ? or * to list all spells.
Aiming: Sting (safe; 7% risk of failure)
Press: ? - help, Shift-Dir - straight line, f/p - endoplasm
Aim: an endoplasm (lightly wounded, 98% to hit)
The sting hits the endoplasm.
The endoplasm partially resists.
The endoplasm is severely wounded.
Casting: Sting (safe; 7% risk of failure)
Confirm with . or Enter, or press ? or * to list all spells.
Aiming: Sting (safe; 7% risk of failure)
Press: ? - help, Shift-Dir - straight line, f/p - endoplasm
Aim: an endoplasm (severely wounded, 98% to hit)
The sting hits the endoplasm.
The endoplasm partially resists.
The endoplasm is poisoned.
You kill the endoplasm!
There is a stone staircase leading up here.
You climb upwards.
There is a stone staircase leading down here.
You climb downwards.
There is a stone staircase leading up here.
Found a rapier.
You see here a +0 rapier.
g - a +0 rapier (weapon)
A frilled lizard comes into view.
Found 11 stones.
The frilled lizard hisses angrily.
Casting: Sting (safe; 7% risk of failure)
Confirm with . or Enter, or press ? or * to list all spells.
Aiming: Sting (safe; 7% risk of failure)
Press: ? - help, Shift-Dir - straight line, f - frilled lizard
Aim: a frilled lizard (53% to hit)
The sting misses the frilled lizard.
The frilled lizard misses you.
Casting: Sting (safe; 7% risk of failure)
Confirm with . or Enter, or press ? or * to list all spells.
Aiming: Sting (safe; 7% risk of failure)
Press: ? - help, Shift-Dir - straight line, f/p - frilled lizard
Aim: a frilled lizard (53% to hit)
The sting hits the frilled lizard.
The frilled lizard is poisoned.
The frilled lizard is heavily wounded.
The frilled lizard completely misses you.
You hit the frilled lizard.
You kill the frilled lizard!
You drop a +0 short sword.
As you read the scroll labelled OLAQ XASYLA, it crumbles to dust.
Your body is wracked with pain!
It was a scroll of torment.
Unknown command.
Magic restored.
You open the large door.
Found a scroll labelled QENGAAREXO.
There is a large open door here.
An endoplasm and a frilled lizard come into view.
The frilled lizard hisses angrily.
The endoplasm moves out of view.
You see here a scroll labelled QENGAAREXO.
b - a scroll labelled QENGAAREXO
Casting: Sting (safe; 7% risk of failure)
Confirm with . or Enter, or press ? or * to list all spells.
Aiming: Sting (safe; 7% risk of failure)
Press: ? - help, Shift-Dir - straight line, f - frilled lizard
Aim: a frilled lizard (53% to hit)
The sting hits the frilled lizard.
The frilled lizard is poisoned.
The frilled lizard is heavily wounded.
The frilled lizard barely misses you.
You closely miss the frilled lizard.
The frilled lizard is heavily wounded.
The frilled lizard closely misses you.
You closely miss the frilled lizard.
The frilled lizard is heavily wounded.
The frilled lizard bites you. x2; The endoplasm closely misses you.
Casting: Sting (safe; 7% risk of failure)
Confirm with . or Enter, or press ? or * to list all spells.
Aiming: Sting (safe; 7% risk of failure)
Press: ? - help, Shift-Dir - straight line, f/p - frilled lizard
Aim: a frilled lizard (heavily wounded, poisoned, 53% to hit)
You miscast Sting.
You are very lightly contaminated with residual magic.
Nothing appears to happen.
The endoplasm freezes you.
You are frozen.
* * * LOW HITPOINT WARNING * * *
The frilled lizard barely misses you.
You hit the endoplasm but do no damage.
You kill the frilled lizard!
The endoplasm hits you.
* * * LOW HITPOINT WARNING * * *
Casting: Sting (safe; 7% risk of failure)
Confirm with . or Enter, or press ? or * to list all spells.
Aiming: Sting (safe; 7% risk of failure)
Press: ? - help, Shift-Dir - straight line, f - endoplasm
Aim: an endoplasm (98% to hit)
The sting hits the endoplasm but does no damage.
The endoplasm is poisoned.
The endoplasm freezes you.
You are frozen.
You die...

≈≈≈≈≈ §§≈≈≈ ##..
≈§§≈≈≈# #≈≈≈≈≈
######.. ≈§≈≈≈≈.
.§§≈≈§≈ #.......
≈≈≈≈≈≈.##.§≈§≈≈§
#.######
≈§≈≈≈≈#..#§§≈§≈≈ #.#
§≈§§§§≈..§§≈≈≈§≈ #.#
≈§§§≈≈≈..§≈§≈≈§≈ #.#
≈≈≈≈≈§§.J§§§≈≈≈≈##.#
#≈§§≈≈≈.@≈§§≈≈§##..#
#§≈≈§≈..≈≈§≈§##..##
##≈§§≈..§§≈§##..##
##§§§..§≈§##..##
####''####..##
#.......## #########


You could see an endoplasm (poisoned).

Vanquished Creatures
  An adder (D:2)
  A dart slug (D:1)
  3 endoplasms
  A giant cockroach (D:2)
  A goblin (D:2)
  4 hobgoblins
  A quokka (D:1)
  2 ball pythons
  2 bats
  2 frilled lizards (D:2)
  A rat (D:1)
19 creatures vanquished.

Notes
Turn   | Place    | Note
-------+----------+-------------------------------------------
     0 | D:1      | Flugslaktarn the Human Venom Mage began the quest for the
                  | Orb.
     0 | D:1      | Reached XP level 1. HP: 13/13 MP: 3/3
    86 | D:1      | Reached XP level 2. HP: 12/19 MP: 0/5
    89 | D:1      | Learned a level 2 spell: Poisonous Vapours
   330 | D:2      | Reached skill level 1 in Air Magic
   330 | D:2      | Reached XP level 3. HP: 7/24 MP: 6/6
   461 | D:2      | Frozen to death by an endoplasm

Illustrated notes

Levels and vault maps discovered:
D:1:      dpeg_arrival_round_b, layout_basic,
          shapermc_ecumenical_altar_notcrosses
D:2:      kennysheep_big_flooded_room, layout_basic

Skill      XL: |  1  2 |
---------------+-------+-----
Transmutations | 2 |  2.0
Air Magic      | 1 |  1.3
Dodging        | |  2.0
Stealth        | |  2.0
Spellcasting   | |  2.2
Poison Magic   | |  3.2

Action                   || total
-------------------------++-------
Melee: Unarmed           ||    18
       Rapier            ||     4
 Cast: Sting             ||    36
  Use: Potion            ||     1
       Scroll            ||     1
Armor: Robe              ||     5
Dodge: Dodged            ||    22

Table legend: (Time is in decaauts)
 A = Elapsed time spent in this place.
 B = Non-inter-level travel time spent in this place.
 C = Inter-level travel time spent in this place.
 D = Time resting spent in this place.
 E = Time spent auto-exploring this place.
 F = Levels seen in this place.
 G = Mean time per level.
                   A        B        C        D        E       F      G
               +--------+--------+--------+--------+--------+-----+--------+
         Total |    461 |    433 |     28 |      0 |      0 |   2 |  230.5 |
       Dungeon |    461 |    433 |     28 |      0 |      0 |   2 |  230.5 |
               +--------+--------+--------+--------+--------+-----+--------+

Top non-repeatable levels by time:
     D:1: 244 daAuts
     D:2: 217 daAuts
